 Dungeon Crawl Stone Soup version 0.29.0-4-gdea44cf6ec (webtiles) character file.

Game seed: 656542567007587123

457 qw the Chopper (level 7, -3/41 HPs)
             Began as a Tengu Warper on Aug 28, 2022.
             Slain by Sigmund
             ... wielding a +0 scythe
              (7 damage)
             ... on level 4 of the Dungeon.
             The game lasted 00:00:30 (4787 turns).

qw the Chopper (Tengu Warper)                       Turns: 4787, Time: 00:00:31

Health: -3/41      AC: 13    Str: 13      XL:     7   Next: 6%
Magic:  11/11      EV: 11    Int:  7 (8)  God:
Gold:   169        SH:  0    Dex: 13 (14) Spells: 10/10 levels left

rFire   . . .      SeeInvis .   Y - +0 hand axe
rCold   . . .      Faith    .   (no shield)
rNeg    . . .      Spirit   .   n - +0 scale mail
rPois   +          Reflect  .   b - +0 hat {Will+}
rElec   .          Harm     .   (no cloak)
rCorr   .          Rampage  .   c - +0 pair of gloves "Baiqeso" {+Blink rPois Int-5}
Will    +....                   (boots unavailable)
Stlth   ..........              (no amulet)
HPRegen 0.13/turn               a - +4 ring of protection
MPRegen 0.12/turn               (no ring)

@: flying quickly and evasively, quick
A: beak, talons 3, nimble flight, iridescent scales 1, deterioration 1
a: Evoke Blink


You were on level 4 of the Dungeon.
You visited 2 branches of the dungeon, and saw 5 of its levels.

You collected 169 gold pieces.


Innate Abilities, Weirdness & Mutations

You have a beak for a mouth.
You have claws for feet.
Your magical nature lets you fly swiftly and evasively.
You are partially covered in iridescent scales. (AC +2)
Your body sometimes deteriorates upon taking damage.


   Skills:
 - Level 3.5 Fighting
 + Level 7.3 Axes
 - Level 1.0 Throwing
 - Level 1.1 Armour
 - Level 2.1 Dodging
 - Level 2.0 Spellcasting
 - Level 2.4 Translocations


You had 10 spell levels left.
You didn't know any spells.
Your spell library contained the following spells:

 Spells                   Type           Power      Damage    Failure   Level
 Blink                    Tloc           8%         N/A       71%         2
 Gell's Gravitas          Tloc           4%         N/A       91%         3
 Lesser Beckoning         Tloc           4%         N/A       91%         3
 Teleport Other           Tloc           4%         N/A       91%         3
 Manifold Assault         Tloc           4%         N/A       100%        5

Inventory:

Hand Weapons
 r - a +0 morningstar
 Y - a +0 hand axe (weapon)
Missiles
 k - 2 boomerangs (quivered)
Armour
 b - a +0 hat of willpower (worn)
 c - the +0 pair of gloves "Baiqeso" (worn) {+Blink rPois Int-5}
   (You acquired it on level 3 of the Dungeon)

   Int:       It affects your intelligence (-5).
   rPois:     It protects you from poison.
   +Blink:    It lets you blink.
 g - a +0 chain mail
 n - a +0 scale mail (worn)
 q - a +0 cloak
Jewellery
 a - a +4 ring of protection (left hand)
 o - an amulet of reflection
Scrolls
 i - a scroll of enchant weapon {unknown}
 l - 4 scrolls of identify
 s - a scroll of amnesia {unknown}
Potions
 d - a potion of degeneration {unknown}
 e - a potion of haste {unknown}
 f - a potion of magic {unknown}
 h - 2 potions of mutation
 j - a potion of curing
 m - a potion of cancellation {unknown}
 p - a potion of lignification {unknown}

Dungeon Overview and Level Annotations

Branches:
Dungeon (4/15)             Temple (1/1) D:4

Altars:
Cheibriados
Elyvilon
Gozag
Hepliaklqana
Nemelex Xobeh
Uskayaw
Vehumet
Wu Jian
Yredelemnul

Shops:
D:1 (

Annotations:
D:3 2 runed translucent doors
D:4 Sigmund


Message History

You swing at nothing.
You swing at nothing.
Something completely misses you.
You swing at nothing.
You swing at nothing.
Something hits you!
Your body deteriorates!
You feel dopey.
You swing at nothing.
Something hits you but does no damage.
You swing at nothing.
You swing at nothing.
Something hits you but does no damage.
You swing at nothing.
Something hits you!
You swing at nothing.
You swing at nothing.
Something hits you but does no damage.
You swing at nothing.
You swing at nothing.
Something hits you but does no damage.
You swing at nothing.
A magic dart appears from out of thin air!
The magic dart hits you.
You swing at nothing.
Something hits you but does no damage.
You swing at nothing.
You swing at nothing.
Something hits you.
You swing at nothing.
Something hits you but does no damage.
You swing at nothing.
You swing at nothing.
Something hits you.
You swing at nothing.
You swing at nothing.
A magic dart appears from out of thin air!
The magic dart hits you but does no damage.
You swing at nothing.
Something hits you!
You die...

#.. ##.# ##.
#..#####.<#
#.. .
#.......##
### |.
###.....##
...
###>...####
.!.
##.......#
#..
##..#####.#
#.{#####..##
#
#...@....##
##########


There were no monsters in sight!

Vanquished Creatures
  A black bear (D:4)
  A phantom (D:4)
  An orc priest (D:4)
  A hound (D:4)
  An orc wizard (D:4)
  Robin (D:4)
  9 adders
  2 worms (D:2)
  3 dart slugs
  9 orcs
  8 ball pythons
  4 bats
  4 endoplasms
  6 giant cockroaches
  16 goblins
  14 hobgoblins
  3 jackals (D:3)
  4 frilled lizards
  10 kobolds
  6 rats
104 creatures vanquished.

Vanquished Creatures (others)
  2 plants
2 creatures vanquished.

Grand Total: 106 creatures vanquished

Notes
Turn   | Place    | Note
-------+----------+-------------------------------------------
     0 | D:1      | qw the Tengu Warper began the quest for the Orb.
     0 | D:1      | Reached XP level 1. HP: 12/12 MP: 4/4
     0 | D:1      | 0 ||| qw: Version: 0.1-a-89-g26bdef1
     0 | D:1      | 0 ||| qw: Game counter: 2137
     0 | D:1      | 0 ||| qw: Always use a shield: true
     0 | D:1      | 0 ||| qw: God list: Okawaru
     0 | D:1      | 0 ||| qw: Allow faded altars: false
     0 | D:1      | 0 ||| qw: Do Orc after D:15 true
     0 | D:1      | 0 ||| qw: Do second Lair branch before Depths: true
     0 | D:1      | 0 ||| qw: Lair rune preference: random
     0 | D:1      | 0 ||| qw: Plans: Normal
     0 | D:1      | 0 ||| PLANNING D:1-11
   165 | D:1      | Reached XP level 2. HP: 12/17 MP: 6/6
   167 | D:1      | Reached skill level 3 in Axes
   441 | D:1      | Found Yczof's Antique Weapon Shop.
   444 | D:1      | 444 ||| SHOPLISTING club (24 gold, have 20).
   444 | D:1      | 444 ||| SHOPLISTING runed whip (132 gold, have 20).
   450 | D:1      | 450 ||| Stepping ~*~*~tactically~*~*~ (stealth).
   451 | D:1      | 451 ||| Stepping ~*~*~tactically~*~*~ (stealth).
   454 | D:1      | 454 ||| Stepping ~*~*~tactically~*~*~ (stealth).
   525 | D:1      | 525 ||| Stepping ~*~*~tactically~*~*~ (hiding).
   686 | D:1      | Found a faded altar of an unknown god.
   964 | D:1      | Reached XP level 3. HP: 21/21 MP: 7/7
   973 | D:1      | 973 ||| UPGRADING to +0 ring mail.
   983 | D:1      | 983 ||| DROPPING +0 leather armour.
   984 | D:1      | 984 ||| UPGRADING to +0 scale mail.
   994 | D:1      | 994 ||| DROPPING +0 ring mail.
   995 | D:1      | 995 ||| DROPPING ring of magical power.
   996 | D:1      | 996 ||| READING scroll labelled DOLIOL IS FEHO.
   997 | D:1      | 997 ||| READING scroll labelled TYUCZO SIZUDD.
  1002 | D:1      | 1002 ||| READING scroll labelled UNEFOIXIDA.
  1003 | D:1      | 1003 ||| READING scroll labelled OMYAGG BUKHILA.
  1004 | D:1      | 1004 ||| DRINKING 2 fizzy puce potions.
  1005 | D:1      | 1005 ||| DRINKING 2 bubbling grey potions.
  1006 | D:1      | 1006 ||| DROPPING scroll of blinking.
  1007 | D:1      | 1007 ||| DROPPING potion of attraction.
  1094 | D:2      | 1094 ||| Stepping ~*~*~tactically~*~*~ (stealth).
  1129 | D:2      | Reached skill level 4 in Axes
  1210 | D:2      | 1210 ||| Stepping ~*~*~tactically~*~*~ (stealth).
  1825 | D:2      | Reached XP level 4. HP: 24/26 MP: 8/8
  1853 | D:2      | 1853 ||| Stepping ~*~*~tactically~*~*~ (stealth).
  1924 | D:2      | 1924 ||| Stepping ~*~*~tactically~*~*~ (stealth).
  2086 | D:2      | 2086 ||| Stepping ~*~*~tactically~*~*~ (hiding).
  2352 | D:2      | 2352 ||| UPGRADING to +0 hat of willpower.
  2357 | D:2      | 2357 ||| UPGRADING to +4 ring of protection.
  2358 | D:2      | 2358 ||| READING scroll labelled MELENGUOBR UBLA.
  2429 | D:3      | 2429 ||| DROPPING +0 whip.
  2444 | D:3      | 2444 ||| Stepping ~*~*~tactically~*~*~ (stealth).
  2446 | D:3      | 2446 ||| Stepping ~*~*~tactically~*~*~ (stealth).
  2453 | D:3      | Reached skill level 5 in Axes
  2469 | D:3      | 2469 ||| FLEEEEING.
  2522 | D:3      | 2522 ||| FLEEEEING.
  2644 | D:3      | 2644 ||| Stepping ~*~*~tactically~*~*~ (stealth).
  2690 | D:3      | HP: 6/26 [poisoned by a kobold]
  2694 | D:3      | HP: 2/26 [poisoned by a kobold]
  3066 | D:3      | Gained mutation: Your magical nature lets you fly swiftly
                  | and evasively. [Tengu growth]
  3066 | D:3      | Reached XP level 5. HP: 25/30 MP: 9/9
  3282 | D:3      | Found a large runed translucent door.
  3283 | D:3      | Found a large runed translucent door.
  3555 | D:3      | 3555 ||| DROPPING ring of flight.
  3556 | D:3      | 3556 ||| READING scroll labelled NUCHIG MED ONT.
  3556 | D:3      | Identified a scroll of acquirement
  3556 | D:3      | 3556 ||| ACQUIRING +0 pair of gloves "Baiqeso" {+Blink
                  | rPois Int-5}
  3556 | D:3      | Acquired the +0 pair of gloves "Baiqeso" {+Blink rPois
                  | Int-5}
  3558 | D:3      | 3558 ||| UPGRADING to +0 pair of gloves "Baiqeso" {+Blink
                  | rPois Int-5}.
  3563 | D:3      | 3563 ||| DRINKING 3 lumpy inky potions.
  3563 | D:3      | Gained mutation: You sometimes lose your temper in combat.
                  | [potion of mutation]
  3563 | D:3      | Gained mutation: Your mind is acute. (Int +4, Str/Dex -1)
                  | [potion of mutation]
  3563 | D:3      | Gained mutation: You have a pair of small horns on your
                  | head. [potion of mutation]
  3564 | D:3      | 3564 ||| DRINKING 2 potions of mutation.
  3564 | D:3      | Lost mutation: You sometimes lose your temper in combat.
                  | [potion of mutation]
  3564 | D:3      | Lost mutation: Your mind is acute. (Int +4, Str/Dex -1)
                  | [potion of mutation]
  3564 | D:3      | Lost mutation: You have a pair of small horns on your head.
                  | [potion of mutation]
  3564 | D:3      | Gained mutation: Your body sometimes deteriorates upon
                  | taking damage. [potion of mutation]
  3564 | D:3      | Gained mutation: You are partially covered in iridescent
                  | scales. (AC +2) [potion of mutation]
  3590 | D:4      | Found a staircase to the Ecumenical Temple.
  3591 | D:4      | 3591 ||| PLANNING TEMPLE
  3600 | D:4      | Reached skill level 6 in Axes
  3634 | Temple   | Entered the Ecumenical Temple
  3902 | Temple   | 3902 ||| PLANNING D:1-11
  4063 | D:4      | 4063 ||| Stepping ~*~*~tactically~*~*~ (stealth).
  4064 | D:4      | Noticed a phantom
  4075 | D:4      | Killed a phantom
  4076 | D:4      | Reached XP level 6. HP: 33/35 MP: 10/10
  4207 | D:4      | Reached skill level 7 in Axes
  4274 | D:4      | Noticed Robin
  4283 | D:4      | 4283 ||| Stepping ~*~*~tactically~*~*~ (hiding).
  4301 | D:4      | Killed Robin
  4353 | D:4      | 4353 ||| FLEEEEING.
  4354 | D:4      | 4354 ||| FLEEEEING.
  4449 | D:4      | Noticed a black bear
  4456 | D:4      | Killed a black bear
  4457 | D:4      | Reached skill level 3 in Fighting
  4705 | D:4      | Reached XP level 7. HP: 41/41 MP: 11/11
  4707 | D:4      | 4707 ||| DROPPING +0 flail.
  4755 | D:4      | Noticed Sigmund
  4773 | D:4      | HP: 9/41 [something (8)]
  4778 | D:4      | HP: 6/41 [something/magic dart (4)]
  4784 | D:4      | HP: 3/41 [something (2)]
  4787 | D:4      | Slain by Sigmund

Levels and vault maps discovered:
D:1:      roderic_crossed_star, layout_loops_ring, serial_shops,
          nicolae_shop_behind_doors, dreamdust_ecumenical_altar_grove
D:2:      layout_basic, serial_park_tiny_1, guppyfry_early_lair_pool
D:3:      layout_basic, jmf_multi_god_temple2
D:4:      layout_layer_cave, minmay_temple_entry_wispy, uniq_sigmund, uniq_robin
Temple:   compressed_dpeg_triangle_lava_temple

Skill      XL: |  1  2  3  4  5  6 |
---------------+-------------------+-----
Axes           | 3 4 5 6 7 |  7.3
Fighting       | 3 |  3.5
Throwing       | |  1.0
Armour         | |  1.1
Dodging        | |  2.1
Spellcasting   | |  2.0
Translocations | |  2.4

Action                   |  1- 3 |  4- 6 |  7- 9 || total
-------------------------+-------+-------+-------++-------
Melee: Hand axe          |    88 |   180 |       ||   268
       Kick              |    19 |    53 |       ||    72
       Peck              |    10 |    32 |       ||    42
       Punch             |     1 |     1 |       ||     2
Throw: Boomerang         |     7 |    38 |       ||    45
  Use: Scroll            |     4 |     2 |       ||     6
       Potion            |     2 |     2 |       ||     4
 Stab: Distracted        |       |     1 |       ||     1
Armor: Leather armour    |     4 |       |       ||     4
       Scale mail        |    20 |    78 |     8 ||   106
Dodge: Dodged            |    41 |    82 |     1 ||   124

Table legend:
 A = Non-vault XP
 B = Vault XP
 C = Vault XP percentage of total XP
 D = Non-vault monster count
 E = Vault monster count
 F = Vault count percentage of total count
                 A         B        C        D         E       F
            +---------+---------+-------+---------+---------+-------
      Total |     616 |      38 |   5.8 |      91 |      13 |  12.5
            +---------+---------+-------+---------+---------+-------
        D:1 |      35 |       0 |   0.0 |      19 |       0 |   0.0
        D:2 |      68 |       0 |   0.0 |      28 |       0 |   0.0
        D:3 |      87 |       0 |   0.0 |      26 |       0 |   0.0
        D:4 |     426 |      38 |   8.2 |      18 |      13 |  41.9
            +---------+---------+-------+---------+---------+-------
